 Dungeon Crawl Stone Soup version 0.30.0-30-g96aa6591b8 (webtiles) character file.

Game seed: 13626616774314546420

395 coffeetime the Magician (level 7, -3/49 HPs)
             Began as a Djinni Conjurer on June 28, 2023.
             Was an Initiate of Ashenzari.
             Slain by Eustachio
             ... wielding a +3 falchion of flaming
              (6 damage)
             ... on level 5 of the Dungeon.
             The game lasted 00:19:16 (2684 turns).

coffeetime the Magician (Djinni Conjurer)           Turns: 2684, Time: 00:19:17

Health: -3/49      AC:  4    Str: 12    XL:     7   Next: 9%
Gold:   182        EV: 12    Int: 20    God:    Ashenzari [......] SH:  0 Dex: 13

rFire   + + .        v - +0 morningstar
rCold   x . .        (no shield)
rNeg    . . .        o - +0 leather armour
rPois   ∞            (no helmet)
rElec   .            (no cloak)
rCorr   .            k - +0 pair of gloves "Bound With Me" {Fort, Cun} (curse)
SInv    .            (boots unavailable)
Will    .....        (no amulet)
Stlth   ++           j - +6 ring of strength
HPRegen 0.28/turn    (no ring)
MPRegen 0.00/turn

%: infuse magic (-4 HP)
@: flying
A: sickness immunity, fire resistance 2, cold vulnerability 1, float, innate
caster, HP casting, extra vitality 1
a: Renounce Religion, Shatter the Chains


You were on level 5 of the Dungeon.
You worshipped Ashenzari.
Ashenzari was noncommittal.
You visited 1 branch of the dungeon, and saw 5 of its levels.

You collected 182 gold pieces.

Inventory:

Hand Weapons
 d - a +0 whip
 f - a +0 short sword
 h - a +0 sling
 q - a +0 scimitar
 t - a +0 flail
 v - a +0 morningstar (weapon)
 x - a +0 broad axe
Missiles
 e - 19 stones
 p - 3 poisoned darts
Armour
 a - a +0 robe
 k - the cursed +0 pair of gloves "Bound With Me" (worn) {Fort, Cun}
   (You found it on level 2 of the Dungeon)

   It has a curse which improves the following skills: Fortitude: Armour and
   Shields.
   Cunning:   Dodging and Stealth.
 o - a +0 leather armour (worn)
 z - a +2 pair of gloves
Jewellery
 j - a +6 ring of strength (left hand)
Wands
 l - a wand of iceblast (10)
 n - a wand of charming (5)
Scrolls
 g - 2 scrolls of vulnerability {unknown}
 i - a scroll of blinking {unknown}
 r - a scroll of noise {unknown}
 s - a scroll of acquirement {unknown}
 y - a scroll of teleportation {unknown}
Potions
 b - a potion of degeneration {unknown}
 c - a potion of haste {unknown}
 m - a potion of cancellation {unknown}
 u - a potion of curing {unknown}
 w - a potion of invisibility {unknown}
 A - a potion of heal wounds {unknown}


   Skills:
 * Level 2.3 Fighting
 + Level 1.0(1.2) Short Blades
 + Level 1.1(1.3) Long Blades
 - Level 1.0 Maces & Flails
 + Level 1.0(1.3) Armour
 + Level 3.3(3.7) Dodging
 + Level 2.4(2.8) Stealth
 - Level 4.2 Spellcasting
 * Level 2.2 Evocations


You knew the following spells:

 Your Spells              Type           Power      Damage    Failure   Level
a - Magic Dart            Conj           84%        1d7       2%          1
b - Searing Ray           Conj           42%        2d6       4%          2
c - Dazzling Flash        Conj/Hex       42%        N/A       9%          3
d - Fulminant Prism       Conj/Hex       10%        3d8       28%         4
e - Iskenderun's Mystic   Conj/Tloc      21%        2d6       28%         4
f - Apportation           Tloc           42%        N/A       2%          1
g - Poisonous Vapours     Pois/Air       42%        N/A       4%          2
h - Ensorcelled Hibernat  Hex/Ice        42%        N/A       4%          2
Your spell library was empty.

Dungeon Overview and Level Annotations

Branches:
Dungeon (5/15)
 Temple: D:4-7

Altars:
Ashenzari
Fedhas
Ru

Annotations:
D:5 Eustachio


Innate Abilities, Weirdness & Mutations

You are immune to sickness and miasma.
You are immune to poison.
Your flesh is very heat resistant. (rF++)
You are vulnerable to cold. (rC-)
You float through the air rather than walking.
You learn spells naturally, not from books.
Your magical power is your life essence.
You have superior vitality. (+4 MHP)


Message History

Press: ? - help, Dir - look around, f - activate The crimson imp is dazzled.
The orc is dazzled.
The shadow imp is dazzled.
The orc barely misses you. The crimson imp barely misses you.
Eustachio yells, "Perjured traitor, DIE!"
You closely miss Eustachio.
Eustachio is heavily wounded.
The orc closely misses you.
Eustachio hits you with a +3 falchion of flaming!
Eustachio burns you.
Casting: Dazzling Flash (dangerous; 9% risk of failure)
Confirm with . or Enter, or press ? or * to list all spells.
Casting: Dazzling Flash (dangerous; 9% risk of failure)
Press: ? - help, Dir - look around, f - activate Eustachio is dazzled.
The orc is dazzled.
The crimson imp is dazzled.
The orc is dazzled.
The orc hits you with a +0 dagger. The shadow imp gestures at you.
Pain shoots through your body! Eustachio closely misses you.
The orc is no longer blind.
The shadow imp is no longer blind.
The orc hits you with a +0 mace.
* * * LOW HITPOINT WARNING * * *
The orc hits you with a +0 mace.
* * * LOW HITPOINT WARNING * * *
The quasit bites you but does no damage.
The quasit claws you but does no damage.
The quasit barely misses you.
Eustachio is no longer blind.
Eustachio mumbles some strange words.
Eustachio blinks!
The crimson imp shouts!
The adder hisses angrily.
The shadow imp disappears in a puff of smoke!
The orc hits you with a +0 mace.
* * * LOW HITPOINT WARNING * * *
The orc attacks as you move away! The orc hits you with a +0 mace.
* * * LOW HITPOINT WARNING * * *
The crimson imp is no longer blind.
Eustachio hits you with a +3 falchion of flaming.
* * * LOW HITPOINT WARNING * * *
Eustachio hits you with a +3 falchion of flaming.
You die...

....... #..#.#
...<... ##.#..#
.......##.....#
.......#...##.#
..........###.###
....!.......o...#
........So##....#
..........@oo...#
........†@#.....#
..........5.....#
................#
................#
............#####
............#
##..........#
###........#
..########


You could see Eustachio (poisoned), a crimson imp (summoned), an adder and 3
orcs.

Vanquished Creatures
  A sky beast (D:5)
  2 phantoms (D:4)
  An iguana (D:5)
  5 adders
  4 worms
  2 dart slugs
  3 orcs
  8 ball pythons
  3 bats (D:1)
  7 endoplasms
  4 giant cockroaches
  5 goblins
  4 hobgoblins
  7 jackals
  4 quokkas
  3 frilled lizards
  10 kobolds
  5 rats
78 creatures vanquished.

Notes
Turn   | Place    | Note
-------+----------+-------------------------------------------
     0 | D:1      | coffeetime the Djinni Conjurer began the quest for the Orb.
     0 | D:1      | coffeetime set off with the following spells memorised:
                  | Magic Dart, Searing Ray, Dazzling Flash, Fulminant Prism,
                  | Iskenderun's Mystic Blast.
     0 | D:1      | Reached XP level 1. HP: 15/15 MP: 0/0
   149 | D:1      | Reached XP level 2. HP: 19/21 MP: 0/0
   360 | D:1      | Reached XP level 3. HP: 24/25 MP: 0/0
   360 | D:1      | Learned a level 1 spell: Apportation
  1032 | D:2      | Reached skill level 4 in Spellcasting
  1085 | D:2      | Reached XP level 4. HP: 30/31 MP: 0/0
  1624 | D:3      | Found a broken altar of Ashenzari.
  1634 | D:3      | Became a worshipper of Ashenzari the Shackled
  1789 | D:3      | Reached skill level 1 in Maces & Flails
  1840 | D:3      | Reached XP level 5. HP: 34/36 MP: 0/0
  1840 | D:3      | Learned a level 2 spell: Poisonous Vapours
  1851 | D:3      | Found a blossoming altar of Fedhas.
  1899 | D:3      | Found a sacrificial altar of Ru.
  2129 | D:3      | Reached skill level 1 in Evocations
  2162 | D:4      | Noticed a phantom
  2168 | D:4      | Killed a phantom
  2169 | D:4      | Reached skill level 1 in Fighting
  2169 | D:4      | Reached XP level 6. HP: 36/42 MP: 0/0
  2579 | D:5      | Entered Level 5 of the Dungeon
  2580 | D:5      | Noticed Eustachio
  2580 | D:5      | Noticed a sky beast
  2589 | D:5      | Killed a sky beast
  2590 | D:5      | Reached skill level 1 in Short Blades
  2590 | D:5      | Reached skill level 1 in Long Blades
  2590 | D:5      | Reached skill level 1 in Armour
  2590 | D:5      | Reached XP level 7. HP: 34/49 MP: 0/0
  2590 | D:5      | Learned a level 2 spell: Ensorcelled Hibernation
  2684 | D:5      | Slain by Eustachio

Illustrated notes

Levels and vault maps discovered:
D:1:      mrwooster_arrival_statue_3, layout_loops_ring, serial_aquarium,
          aquarium_bridge_long_joined [aquarium_subvault_wall,
          aquarium_subvault_bridge, aquarium_subvault_wall,
          aquarium_subvault_window, aquarium_subvault_wall,
          aquarium_subvault_bridge], aquarium_window_corner, aquarium_window_1,
          aquarium_window_1, aquarium_view_2c, aquarium_view_2d,
          aquarium_balcony_1a
D:2:      layout_loops_ring, grunt_ministairs_11
D:3:      layout_basic, nicolae_ru_awakened_eye, nzn_hepliaklqana_mist_gate,
          fedhas_altar_1, mainiacjoe_overflow_tiny_flanked
D:4:      layout_basic
D:5:      layout_rooms, uniq_eustachio, uniq_sigmund

Skill      XL: |  1  2  3  4  5  6 |
---------------+-------------------+-----
Spellcasting   | 4 |  4.2
Maces & Flails | 1 |  1.0
Stealth        | 2 |  2.4
Evocations     | 1 2 |  2.2
Fighting       | 1 2 |  2.3
Dodging        | 3 |  3.3
Short Blades   | 1 |  1.0
Long Blades    | 1 |  1.1
Armour         | 1 |  1.0

Action                     |  1- 3 |  4- 6 |  7- 9 || total
---------------------------+-------+-------+-------++-------
  Melee: Whip              |    19 |       |       ||    19
         Short sword       |    21 |    30 |       ||    51
         Scimitar          |       |    32 |       ||    32
         Morningstar       |       |    10 |     3 ||    13
   Cast: Magic Dart        |    46 |    68 |     8 ||   122
         Searing Ray       |     2 |    12 |       ||    14
         Dazzling Flash    |       |       |     3 ||     3
         Poisonous Vapours |       |       |     3 ||     3
 Invoke: Curse Item        |       |     1 |       ||     1
   Stab: Sleeping          |       |     2 |       ||     2
 Armour: Robe              |     3 |       |       ||     3
         Leather armour    |       |    27 |     2 ||    29
  Dodge: Dodged            |    39 |    62 |     7 ||   108
